 Dungeon Crawl Stone Soup version 0.28.0-45-g0d030f2227 (webtiles) character file.

Game seed: 8510644082104968181

44 Zeld the Gusty (level 3, -4/19 HPs)
             Began as a Tengu Air Elementalist on Apr 3, 2022.
             Killed by nerve-wracking pain
             ... invoked by a shadow imp
             ... summoned by Natasha
              (7 damage)
             ... on level 2 of the Dungeon.
             The game lasted 00:01:51 (1196 turns).

Zeld the Gusty (Tengu Air Elementalist)             Turns: 1196, Time: 00:01:51

Health: -4/19      AC:  2    Str:  8    XL:     3   Next: 60%
Magic:  0/7        EV: 12    Int: 17    God:
Gold:   36         SH:  0    Dex: 14    Spells: 0/6 levels left

rFire   . . .      SeeInvis .   d - +3 short sword
rCold   . . .      Faith    .   (no shield)
rNeg    . . .      Spirit   .   a - +0 robe
rPois   .          Reflect  .   (helmet restricted)
rElec   .          Harm     .   (no cloak)
rCorr   .          Rampage  .   (no gloves)
Will    .....                   (boots unavailable)
Stlth   ++........              (no amulet)
HPRegen 0.06/turn               (no ring)
MPRegen 0.10/turn               (no ring)

@: no status effects
A: beak, talons 3
a: no special abilities


You were on level 2 of the Dungeon.
You visited 1 branch of the dungeon, and saw 2 of its levels.

You collected 36 gold pieces.

Inventory:

Hand Weapons
 d - a +3 short sword (weapon)
Armour
 a - a +0 robe (worn)
Scrolls
 b - a scroll of identify {unknown}
 c - a scroll of fear {unknown}
 e - a scroll of enchant armour {unknown}
 g - a scroll of brand weapon {unknown}
Potions
 f - a potion of lignification {unknown}
 h - a potion of ambrosia {unknown}


   Skills:
 + Level 2.5 Dodging
 + Level 2.2 Stealth
 * Level 2.4 Spellcasting
 + Level 2.0 Conjurations
 * Level 4.8 Air Magic


You couldn't memorise any spells.
You knew the following spells:

 Your Spells              Type           Power      Damage    Failure   Level
a - Shock                 Conj/Air       52%        1d6       4%          1
b - Static Discharge      Conj/Air       13%        N/A       7%          2
c - Swiftness             Air            18%        N/A       8%          3

Your spell library contained the following spells:

 Spells                   Type           Power      Damage    Failure   Level
 Airstrike                Air            9%         N/A       26%         4
 Gell's Gravitas          Tloc           2%         N/A       50%         3
 Lesser Beckoning         Tloc           2%         N/A       50%         3
 Teleport Other           Tloc           2%         N/A       50%         3


Dungeon Overview and Level Annotations

Branches:
Dungeon (2/15)

Altars:

Annotations:
D:2 Natasha


Innate Abilities, Weirdness & Mutations

You have a beak for a mouth.
You have claws for feet.


Message History

Natasha hisses.
Natasha claws you but does no damage.
Casting: Static Discharge (safe; 7% risk of failure)
Confirm with . or Enter, or press ? or * to list all spells.
Natasha is struck by an arc of lightning.
Natasha is lightly wounded.
You are struck by an arc of lightning.
The lightning grounds out.
Natasha claws you.
Unknown command.
Casting: Static Discharge (safe; 7% risk of failure)
Confirm with . or Enter, or press ? or * to list all spells.
Natasha is struck by an arc of lightning.
Natasha is moderately wounded.
The lightning grounds out.
Natasha misses you.
Casting: Static Discharge (safe; 7% risk of failure)
Confirm with . or Enter, or press ? or * to list all spells.
Natasha is struck by an arc of lightning.
Natasha is severely wounded.
You are struck by an arc of lightning.
The lightning grounds out.
Natasha claws you.
* * * LOW HITPOINT WARNING * * *
Casting: Static Discharge (safe; 7% risk of failure)
Confirm with . or Enter, or press ? or * to list all spells.
You don't have enough magic to cast this spell.
Casting: Static Discharge (safe; 7% risk of failure)
Confirm with . or Enter, or press ? or * to list all spells.
Aiming: Shock (safe; 4% risk of failure)
Press: ? - help, Shift-Dir - straight line, f - Natasha
Aim: Natasha (severely wounded, 60% to hit)
The zap hits Natasha.
Natasha is severely wounded.
Natasha mumbles some strange words.
Unknown command.
You closely miss Natasha. You claw Natasha.
Natasha is almost dead.
Natasha claws you.
* * * LOW HITPOINT WARNING * * *
The shadow imp gestures at you. Pain shoots through your body!
You die...

......#####.######.# #
...................##.
.................>...
#..########.#..##..#
#(#########.##.##..###.
#.. ...................
#.#############.#..###.
.# #....###.#
##@....... #h..###.#
#.[5... #...###.. ....#
....# ....# .....#


You could see Natasha and a shadow imp (summoned).

Vanquished Creatures
  Natasha (D:2)
  A dart slug (D:1)
  2 ball pythons
  2 endoplasms (D:1)
  A quokka (D:1)
  2 bats (D:1)
  2 frilled lizards (D:1)
  4 kobolds (D:1)
  3 rats
18 creatures vanquished.

Notes
Turn   | Place    | Note
-------+----------+-------------------------------------------
     0 | D:1      | Zeld the Tengu Air Elementalist began the quest for the
                  | Orb.
     0 | D:1      | Reached XP level 1. HP: 10/10 MP: 4/4
   152 | D:1      | Found a faded altar of an unknown god.
   291 | D:1      | Reached XP level 2. HP: 15/15 MP: 0/6
   787 | D:2      | Noticed Natasha
   793 | D:2      | Noticed a crimson imp
  1073 | D:1      | Learned a level 2 spell: Static Discharge
  1078 | D:2      | Killed Natasha
  1079 | D:2      | Reached XP level 3. HP: 13/19 MP: 0/7
  1083 | D:2      | Learned a level 3 spell: Swiftness
  1186 | D:2      | Noticed Natasha
  1196 | D:2      | Killed from afar by a shadow imp

Illustrated notes

Levels and vault maps discovered:
D:1:      wander_arrival_peaceful_grave, layout_basic,
          shapermc_ecumenical_altar_mp_highgroup, minmay_tromino_v4_b
D:2:      layout_basic, uniq_terence, uniq_sigmund, uniq_natasha,
          uniq_crazy_yiuf_cottage

Skill      XL: |  1  2 |
---------------+-------+-----
Conjurations   | 2 |  2.0
Dodging        | |  2.5
Stealth        | |  2.2
Spellcasting   | |  2.4
Air Magic      | |  4.8

Action                   || total
-------------------------++-------
Melee: Unarmed           ||     4
       Kick              ||     4
       Short sword       ||     5
       Peck              ||     2
 Cast: Shock             ||    29
       Static Discharge  ||     6
 Stab: Sleeping          ||     1
Armor: Robe              ||     2
Dodge: Dodged            ||    10
